 Dungeon Crawl Stone Soup version 0.18.1-8-gdd0e5ea (webtiles) character file.

932 Loading the Cleaver (level 8, 0/71 HPs)
             Began as a Hill Orc Fighter on May 29, 2016.
             Was a Follower of Beogh.
             Slain by Menkaure (10 damage)
             ... on level 5 of the Dungeon.
             The game lasted 00:11:40 (5656 turns).

Loading the Cleaver (Hill Orc Fighter)              Turns: 5656, Time: 00:11:43

Health: 0/71       AC: 15    Str: 19    XL:     8   Next: 11%
Magic:  9/9        EV:  6    Int:  8    God:    Beogh [*.....]
Gold:   150        SH:  0    Dex: 14    Spells: 0 memorised, 7 levels left

rFire  . . .     SeeInvis .     a - +1 war axe
rCold  . . .     Gourm    .     h - +0 plate armour
rNeg   . . .     Faith    .     (no shield)
rPois  +         Spirit   .     (no helmet)
rElec  .         Dismiss  .     p - +1 cloak
rCorr  .         Reflect  .     (no gloves)
SustAt .         Harm     .     (no boots)
MR     .....                    (no amulet)
Stlth  ..........               l - ring of poison resistance
                                o - +2 ring of dexterity

@: not resistant to hostile enchantments, extremely unstealthy
A: no striking features
a: Renounce Religion


You were on level 5 of the Dungeon.
You worshipped Beogh.
Beogh was aware of your devotion.
You were not hungry.

You visited 1 branch of the dungeon, and saw 5 of its levels.

You collected 150 gold pieces.

Inventory:

Hand Weapons
 a - a +1 war axe (weapon)
Armour
 c - a +0 shield
 h - a +0 plate armour (worn)
 p - a +1 cloak (worn)
Jewellery
 l - a ring of poison resistance (right hand)
 n - an uncursed ring of protection from magic
 o - a +2 ring of dexterity (left hand)
 t - an uncursed ring of ice
Scrolls
 b - 2 scrolls of teleportation
 j - a scroll of remove curse
Potions
 d - a potion of mutation
 e - a potion of curing
 g - a potion of might
 k - a potion of heal wounds
 m - a potion of berserk rage
Comestibles
 f - 3 bread rations
 i - 3 meat rations


   Skills:
 + Level 6.6 Fighting
 * Level 8.7 Axes
 + Level 5.7 Armour
 - Level 3.2 Shields
 + Level 1.3 Invocations


You had 7 spell levels left.
You didn't know any spells.

Dungeon Overview and Level Annotations

Branches:
Dungeon (5/15)
 Temple: D:4-7

Altars:
Dithmenos
Qazlal
Ru

Annotations:
D:5 Menkaure


Message History

Menkaure calls on the powers of darkness!
Your body is wracked with pain!
* * * LOW HITPOINT WARNING * * *
The adder convulses!
The crimson imp hits you.
* * * LOW HITPOINT WARNING * * *
You hit Menkaure.
Menkaure is moderately damaged.
You barely miss the crimson imp. Menkaure hits you.
* * * LOW HITPOINT WARNING * * *
The crimson imp hits you but does no damage.
The adder bites you but does no damage. Menkaure hits you.
* * * LOW HITPOINT WARNING * * *
You slash Menkaure!
Menkaure is heavily damaged.
You miss the crimson imp. You closely miss the adder.
The adder is moderately wounded.
The adder barely misses you.
The crimson imp hits you but does no damage.
Menkaure hits you!
You die...

#.##.### ### # ##......#
#.# # #. #.......###.##
..#.# ##.......##...#
..... #.#......<#....
...... #.#............
......####..............
........##.........#####
......5@...........#
......M.S.........##
..................#
#................##
##.....####..###..##
##..## #..# ##..#####
#.. #..## ##...##. #.. #
.# ##....† ##....


You could see Menkaure, a crimson imp and an adder.

Vanquished Creatures
  2 phantoms (D:4)
  2 ogres (D:4)
  A scorpion (D:4)
  A howler monkey (D:4)
  3 orc priests
  3 orc wizards
  3 worker ants
  3 hound skeletons
  A worker ant zombie (D:5)
  7 adders
  An ooze (D:4)
  A worm (D:2)
  2 dart slugs (D:1)
  A giant gecko (D:3)
  15 orcs
  12 bats
  2 giant cockroaches
  6 goblins
  9 hobgoblins
  15 jackals
  11 kobolds
  5 quokkas
  5 ball pythons
  4 giant newts
  6 rats
121 creatures vanquished.

Vanquished Creatures (others)
  A giant gecko (D:3)
  A goblin (D:3)
  A kobold (D:3)
3 creatures vanquished.

Grand Total: 124 creatures vanquished

Notes
Turn   | Place    | Note
--------------------------------------------------------------
     0 | D:1      | Loading the Hill Orc Fighter began the quest for the Orb.
     0 | D:1      | Reached XP level 1. HP: 19/19 MP: 1/1
    96 | D:1      | Reached skill level 3 in Axes
   187 | D:1      | Reached XP level 2. HP: 27/27 MP: 2/2
   542 | D:1      | Reached skill level 4 in Axes
   660 | D:1      | Reached XP level 3. HP: 33/33 MP: 3/3
  1206 | D:2      | Found a shadowy altar of Dithmenos.
  1534 | D:2      | Found a sacrificial altar of Ru.
  1556 | D:2      | Reached XP level 4. HP: 37/40 MP: 4/4
  2001 | D:3      | Found a stormy altar of Qazlal.
  2115 | D:3      | HP: 2/41 [orc wizard/magic dart (7)]
  2148 | D:3      | Reached skill level 5 in Axes
  2148 | D:3      | Reached XP level 5. HP: 4/47 MP: 5/5
  2805 | D:3      | Became a worshipper of Beogh the Brigand
  3267 | D:4      | Noticed a phantom
  3587 | D:4      | Killed a phantom
  3587 | D:4      | Reached skill level 5 in Fighting
  3587 | D:4      | Reached skill level 6 in Axes
  3587 | D:4      | Reached XP level 6. HP: 34/56 MP: 6/6
  3698 | D:4      | Noticed a phantom
  4008 | D:4      | Killed a phantom
  4008 | D:4      | Reached skill level 7 in Axes
  4008 | D:4      | Reached skill level 5 in Armour
  4008 | D:4      | Reached XP level 7. HP: 52/61 MP: 7/7
  4568 | D:4      | Reached * piety under Beogh
  4568 | D:4      | Reached skill level 8 in Axes
  5098 | D:5      | Entered Level 5 of the Dungeon
  5204 | D:5      | Reached XP level 8. HP: 68/71 MP: 8/8
  5205 | D:5      | Reached skill level 1 in Invocations
  5650 | D:5      | Noticed Menkaure
  5656 | D:5      | Slain by Menkaure

Skill      XL: |  1  2  3  4  5  6  7  8 |
---------------+-------------------------+-----
Axes           | 3 4 5 6 7 8 |  8.7
Fighting       | 4 5 6 |  6.6
Armour         | 4 5 |  5.7
Invocations    | 1 |  1.3
Shields        | |  3.2

Action                   |  1- 3 |  4- 6 |  7- 9 || total
-------------------------+-------+-------+-------++-------
Melee: War axe           |   142 |   306 |    91 ||   539
Invok: Convert to Beogh  |       |     1 |       ||     1
  Use: Scroll            |       |    10 |     3 ||    13
       Potion            |       |     2 |       ||     2
  Eat: Chunk             |     2 |     8 |     1 ||    11
       Pizza             |       |     2 |       ||     2
       Fruit             |       |       |     2 ||     2
Armor: Scale mail        |    94 |   191 |       ||   285
       Plate armour      |       |    68 |    60 ||   128
Dodge: Dodged            |   102 |   169 |    33 ||   304
